 Dungeon Crawl Stone Soup version 0.25-a0-577-ga4619f409e (webtiles) character file.

Game seed: 1420150905649959500, levelgen mode: deterministic

450 MordorOrchid the Ruffian (level 6, 0/88 HPs)
             Began as a Troll Chaos Knight on Mar 2, 2020.
             Was a Plaything of Xom.
             Slain by an ice devil (13 damage)
             ... summoned by Xom
             ... on level 4 of the Dungeon.
             The game lasted 00:07:53 (2593 turns).

MordorOrchid the Ruffian (Troll Chaos Knight)       Turns: 2593, Time: 00:07:53

Health: 0/88       AC:  8    Str: 20 (22) XL:     6   Next: 74%
Magic:  5/5        EV: 11    Int:  6 (9)  God:    Xom [......]
Gold:   266        SH:  0    Dex:  7      Spells: 1/5 levels left

rFire    . . .     SeeInvis .     - Unarmed
rCold    . . .     Gourm    +   (no shield)
rNeg     . . .     Faith    .   a - +2 robe
rPois    .         Spirit   .   (helmet restricted)
rElec    .         Reflect  .   (no cloak)
rCorr    .         Harm     .   (gloves unavailable)
MR       .....     Clarity  +   (boots unavailable)
Stlth    ..........             (no amulet)
HPRegen  0.64/turn              (no ring)
MPRegen  0.09/turn              (no ring)

@: berserking, slowed
A: large, unfitting armour, claws 3, blurry vision 1, clarity, clumsy 1,
deterioration 1, fast metabolism 3, gourmand, regeneration 1, screaming 1,
shaggy fur 1, tough skin 3
a: Renounce Religion


You were on level 4 of the Dungeon.
You worshipped Xom.
You were a very special plaything of Xom.
You were very full.

You visited 1 branch of the dungeon, and saw 4 of its levels.

You collected 266 gold pieces.

Inventory:

Hand Weapons
 j - a +0 hunting sling
 p - a +2 spear of venom
Missiles
 d - 36 bolts
 h - 160 stones
 o - 78 arrows
 q - 35 poisoned darts (quivered)
 t - 61 sling bullets
 v - 5 boomerangs
Armour
 a - a +2 robe (worn)
Magical Staves
 c - an uncursed staff of cold {unknown}
 s - an uncursed staff of energy {unknown}
Wands
 n - a wand of random effects (14)
Scrolls
 f - 2 scrolls of remove curse
 k - a scroll of noise
 l - 2 scrolls of immolation
 u - a scroll of amnesia {unknown}
Potions
 e - 3 potions of haste
 g - 2 potions of heal wounds
 i - a potion of lignification
 m - 2 potions of cancellation
 r - 2 potions of berserk rage
Comestibles
 b - 9 rations
 w - 9 chunks of flesh


   Skills:
 - Level 2.4 Fighting
 * Level 4.3 Dodging
 + Level 6.1 Unarmed Combat


You had one spell level left.
You knew the following spells:

 Your Spells              Type           Power        Failure   Level  Hunger
a - Call Imp              Summ           #.......     58%         2    ###....
x - Blink                 Tloc           N/A          58%         2    ###....

Your spell library contained the following spells:

 Spells                   Type           Power        Failure   Level  Hunger
 Magic Dart               Conj           #...         45%         1    ##.....
 Slow                     Hex            #.......     58%         2    ###....
 Conjure Flame            Conj/Fire      #.......     83%         3    ####...
 Mephitic Cloud           Conj/Pois/Air  #.......     83%         3    ####...


Dungeon Overview and Level Annotations

Branches:
Dungeon (4/15)
 Temple: D:4-7

Altars:
Elyvilon
Nemelex Xobeh
Qazlal
Sif Muna


Innate Abilities, Weirdness & Mutations

You are too large for most types of armour.
You have claws for hands.
Your metabolism is lightning-fast.
You like to eat raw meat.
Your natural rate of healing is unusually fast.
You are covered in fur. (AC +1)
You have extremely tough skin. (AC +3)
Scrolls take you a little longer to read.
You possess an exceptional clarity of mind.
You are clumsy. (Dex -2)
Your body sometimes deteriorates upon taking damage.
You occasionally shout uncontrollably at your foes.


Message History

The ufetubus closely misses you. The ice devil hits you!
The ice devil freezes you!
* * * LOW HITPOINT WARNING * * *
The ufetubus hits you.
* * * LOW HITPOINT WARNING * * *
The ufetubus hits you but does no damage.
Okay, then.
Unknown command.
A red film seems to cover your vision as you go berserk!
You feel yourself moving faster!
You feel mighty!
The ufetubus hits you but does no damage.
The ufetubus closely misses you. The ice devil closely misses you.
The ufetubus hits you but does no damage. x2
The ice devil closely misses you.
You mangle the ice devil!!
The ice devil is heavily wounded.
The ufetubus completely misses you. The ufetubus barely misses you.
The ice devil hits you!
You die... "This toy is broken."

############.....#
#.##.#
...>.........#####
#.##.#########
.###########.#
#.##.......... .#
#.# #.############
.# #.# #.# .# #.#
.# #.# ## .#
#.######...# .#
#..44@5....# ##
#.######...# #.#
####### #.#
#.....# #.#
#.....##### #.#
#.........#####
#.#
#.<..........##
#.#
#.....###......
#.# ###.###
###..)#


You could see an ice devil, a chaos spawn and an ufetubus.

Vanquished Creatures
  A phantom (D:4)
  An orc wizard (D:3)
  A bullfrog skeleton (D:4)
  An iguana (D:4)
  2 worker ants
  3 hound skeletons
  5 adders
  2 oozes
  An adder skeleton (D:4)
  3 worms
  2 dart slugs
  11 orcs
  15 giant cockroaches
  4 goblins
  9 hobgoblins
  6 jackals
  3 quokkas
  8 bats
  2 frilled lizards (D:2)
  5 kobolds
  6 rats
91 creatures vanquished.

Vanquished Creatures (collateral kills)
  A howler monkey (D:3)
  A frilled lizard (D:3)
2 creatures vanquished.

Grand Total: 93 creatures vanquished

Notes
Turn   | Place    | Note
-------+----------+-------------------------------------------
     0 | D:1      | MordorOrchid the Troll Chaos Knight began the quest for the
                  | Orb.
     0 | D:1      | Reached XP level 1. HP: 22/22 MP: 0/0
    12 | D:1      | XOM: silly message
   116 | D:1      | Reached XP level 2. HP: 29/29 MP: 1/1
   358 | D:1      | XOM: harmless Pois miscast
   512 | D:1      | XOM: harmless Chrm miscast
   654 | D:2      | XOM: mild Necr miscast
   659 | D:2      | Reached XP level 3. HP: 35/36 MP: 2/2
   669 | D:2      | XOM: harmless Summ miscast
   702 | D:2      | XOM: medium Hex miscast
   957 | D:2      | Found a shimmering blue altar of Sif Muna.
  1011 | D:2      | Reached skill level 4 in Unarmed Combat
  1088 | D:2      | Found a white marble altar of Elyvilon.
  1246 | D:3      | Reached XP level 4. HP: 43/44 MP: 3/3
  1253 | D:3      | Found a sparkling altar of Nemelex Xobeh.
  1269 | D:3      | XOM: medium Ice miscast
  1372 | D:3      | XOM: summons 4 friendly demons
  1492 | D:3      | XOM: give mutations
  1492 | D:3      | Gained mutation: You occasionally shout uncontrollably at
                  | your foes. [Xom's mischief]
  1492 | D:3      | Gained mutation: You possess an exceptional clarity of
                  | mind. [Xom's mischief]
  1507 | D:3      | Reached XP level 5. HP: 48/50 MP: 4/4
  1558 | D:3      | XOM: give mutations
  1558 | D:3      | Gained mutation: You are clumsy. (Dex -2) [Xom's mischief]
  1558 | D:3      | Gained mutation: Your body sometimes deteriorates upon
                  | taking damage. [Xom's mischief]
  1558 | D:3      | Gained mutation: Scrolls take you a little longer to read.
                  | [Xom's mischief]
  1605 | D:3      | XOM: enchant monster (bad)
  1637 | D:3      | Found a stormy altar of Qazlal.
  1812 | D:3      | Reached skill level 5 in Unarmed Combat
  2023 | D:4      | XOM: harmless Pois miscast
  2028 | D:4      | Learned a level 2 spell: Blink
  2031 | D:4      | Learned a level 2 spell: Call Imp
  2113 | D:4      | Reached XP level 6. HP: 43/59 MP: 5/5
  2438 | D:4      | Reached skill level 6 in Unarmed Combat
  2507 | D:4      | XOM: enchant monster (bad)
  2585 | D:4      | XOM is BORED!
  2585 | D:4      | XOM: summons 3 hostile demons
  2586 | D:4      | Noticed a chaos spawn
  2586 | D:4      | Noticed an ice devil
  2593 | D:4      | Slain by an ice devil

Levels and vault maps discovered:
D:1:      dpeg_arrival_shelter, layout_basic
D:2:      layout_rooms, elyvilon_altar_3, first_ration, led_sif_pool
D:3:      minmay_roachtagon, layout_loops_ring, lemuel_round_altar,
          grunt_qazlal_clouds
D:4:      layout_loops_ring

Skill      XL: |  1  2  3  4  5  6 |
---------------+-------------------+-----
Dodging        | 2 3 4 |  4.3
Unarmed Combat | 4 5 6 |  6.1
Fighting       | |  2.4

Action                   |  1- 3 |  4- 6 || total
-------------------------+-------+-------++-------
Melee: Unarmed           |    99 |   192 ||   291
       Punch             |       |     2 ||     2
Throw: Stone             |     3 |       ||     3
       Dart              |     3 |     4 ||     7
  Use: Scroll            |     6 |     2 ||     8
       Potion            |       |     7 ||     7
  Eat: Chunk             |    17 |    12 ||    29
Armor: Robe              |    38 |    90 ||   128
Dodge: Dodged            |    52 |   104 ||   156

Table legend:
 A = Non-vault XP
 B = Vault XP
 C = Vault XP percentage of total XP
 D = Non-vault monster count
 E = Vault monster count
 F = Vault count percentage of total count
                 A         B        C        D         E       F
            +---------+---------+-------+---------+---------+-------
      Total |     625 |      18 |   2.8 |      84 |       9 |   9.7
            +---------+---------+-------+---------+---------+-------
        D:1 |      27 |       0 |   0.0 |      14 |       0 |   0.0
        D:2 |      65 |       0 |   0.0 |      25 |       0 |   0.0
        D:3 |     167 |      18 |   9.7 |      22 |       9 |  29.0
        D:4 |     366 |       0 |   0.0 |      23 |       0 |   0.0
            +---------+---------+-------+---------+---------+-------
